 Dungeon Crawl Stone Soup version 0.17.2-1-ge4368a0 (webtiles) character file.

91 Goblin1989 the Chucker (level 4, -2/34 HPs)
             Began as a Demonspawn Hunter on Nov 13, 2016.
             Slain by an orc wizard
             ... wielding a +0 dagger
              (3 damage)
             ... on level 3 of the Dungeon.
             The game lasted 00:08:20 (3700 turns).

Goblin1989 the Chucker (Demonspawn Hunter)          Turns: 3700, Time: 00:08:20

Health: -2/34      AC:  3    Str: 18    XL:     4   Next: 33%
Magic:  0/4        EV:  9    Int: 13    God:
Gold:   130        SH:  0    Dex: 13    Spells: 0 memorised, 3 levels left

rFire  . . .     SeeInvis .     j - +0 hand axe
rCold  . . .     Clarity  .     b - +0 leather armour
rNeg   . . .     SustAt   .     C - +0 shield
rPois  .         Gourm    .     (helmet restricted)
rElec  .         Spirit   +     (no cloak)
rCorr  +         Warding  .     (no gloves)
rMut   .         Stasis   .     (no boots)
MR     .....                    g - amulet of resist corrosion
Stlth  +.........               (no ring)
                                (no ring)

@: confused, mighty, not resistant to hostile enchantments, very unstealthy
A: horns 1, magic shield
a: no special abilities


You were on level 3 of the Dungeon.
You were not hungry.

You visited 1 branch of the dungeon, and saw 3 of its levels.

You collected 130 gold pieces.

Inventory:

Hand Weapons
 j - a +0 hand axe (weapon)
Missiles
 c - 6 javelins (quivered)
 Z - 2 throwing nets {=f, !d}
Armour
 b - a +0 leather armour (worn)
 C - a +0 shield (worn)
Jewellery
 g - an amulet of resist corrosion (around neck)
 y - an uncursed ring of protection from cold {unknown}
Scrolls
 f - 2 scrolls of remove curse {unknown}
 h - a scroll of enchant armour {unknown}
 i - a scroll of blinking {unknown}
 k - 6 scrolls of identify {unknown}
 r - a scroll of noise {unknown}
 t - a scroll of enchant weapon {unknown}
 u - a scroll of teleportation {unknown}
Potions
 d - 2 potions of might
 l - a potion of mutation {unknown}
 m - a potion of heal wounds {unknown}
 n - a potion of curing {unknown}
 s - 2 potions of invisibility {unknown}
 v - a potion of degeneration {unknown}
 w - a potion of magic {unknown}
 z - a potion of lignification {unknown}
 B - a potion of ambrosia {!q}
Comestibles
 a - 3 meat rations {@e2}
 e - 2 bread rations {@e1}
 p - a fruit
 q - a beef jerky
 A - a slice of pizza


   Skills:
 + Level 2.8 Fighting
 * Level 2.9 Axes
 - Level 3.6 Throwing
 + Level 0.0 Armour
 - Level 1.7 Dodging
 - Level 0.8 Stealth
 + Level 0.6 Shields


You had 3 spell levels left.
You didn't know any spells.

Dungeon Overview and Level Annotations

Branches:
Dungeon (3/15)

Altars:
Dithmenos
Elyvilon

Annotations:
D:3 Grinder


Innate Abilities, Weirdness & Mutations

You have a pair of small horns on your head.
When hurt, damage is shared between your health and your magic reserves.


Message History

* * * LOW HITPOINT WARNING * * *
You regained 3 hp, and now have 10/34 hp.
You now have 3/4 mp.
You hit Grinder.
Grinder is lightly wounded.
You miss something. You barely miss the orc. You closely miss the orc.
Grinder closely misses you. Something hits you but does no damage.
The orc hits you with a hand axe.
* * * LOW HITPOINT WARNING * * *
Grinder hits you.
* * * LOW HITPOINT WARNING * * *
You writhe in agony. x2
You take 6 damage, and have 4/34 hp.
You now have 2/4 mp.
Drink which item? (? for menu, Esc to quit)
It was a potion of might.
You feel very mighty all of a sudden. The orc hits you with a club.
* * * LOW HITPOINT WARNING * * *
Something hits you.
You die...

..█.█
█..█████...█.█
.██.█ █..█
█.█.█ .██.█
█(.█ ██.█?█
.██.█
█..█████.....█
.█..█
█............██
.█.██
█.█████........
...█ █.█
██.....██ ██.█
█.█████.o......
█.█
█....?.@oo...█
█.█
███████5██.███
...█


█g█ ██.█ gg█ █.█ .r. .█ .█.. █ )█... . █.██.. █ You could see Grinder, 3 gnolls,
3 orcs and a rat.

Vanquished Creatures
  3 adders (D:2)
  3 giant geckos
  An orc (D:3)
  2 giant cockroaches (D:1)
  10 goblins
  6 hobgoblins
  9 kobolds
  A quokka (D:3)
  A ball python (D:1)
  5 bats
  3 giant newts
  6 jackals (D:1)
  10 rats
  A plant (D:1)
61 creatures vanquished.

Notes
Turn   | Place    | Note
--------------------------------------------------------------
     0 | D:1      | Goblin1989 the Demonspawn Hunter began the quest for the Orb.
     0 | D:1      | Reached XP level 1. HP: 16/16 MP: 1/1
   566 | D:1      | Gained mutation: You have a pair of small horns on your head. [demonic ancestry]
   566 | D:1      | Reached XP level 2. HP: 12/23 MP: 2/2
  1019 | D:1      | Reached skill level 1 in Axes
  1245 | D:1      | Reached XP level 3. HP: 19/28 MP: 3/3
  2211 | D:2      | Found a shadowy altar of Dithmenos.
  2799 | D:2      | Gained mutation: When hurt, damage is shared between your health and your magic reserves. [demonic ancestry]
  2799 | D:2      | Reached XP level 4. HP: 21/34 MP: 4/4
  2914 | D:2      | Found a faded altar to an unknown god.
  3118 | D:2      | Found a white marble altar of Elyvilon.
  3686 | D:3      | Noticed Grinder
  3693 | D:3      | Paralysed by Grinder for 4 turns
  3700 | D:3      | HP: 1/34 [orc/club (3)]
  3700 | D:3      | Slain by an orc wizard

Action                   |  1- 3 |  4- 6 || total
-------------------------+-------+-------++-------
Melee: Short sword       |    39 |       ||    39
       Hand axe          |   158 |    50 ||   208
Throw: Throwing net      |     2 |       ||     2
  Use: Potion            |       |     2 ||     2
 Stab: Held in net/web   |     2 |       ||     2
       Sleeping          |     1 |     1 ||     2
  Eat: Chunk             |     6 |     3 ||     9

Vault maps used:
D:1:      onia_arrival_mini_maze, grunt_decor_fettered
D:2:      nicolae_overflow_crystal_walls, nicolae_dithmenos_shadow_blocks,
          ecumenical_altar_2
D:3:      cheibriados_altar_1, minitemple, first_bread, minmay_unequal,
          uniq_grinder
